 Dungeon Crawl Stone Soup version 0.30-a0-377-g5cb311bc9f (webtiles) character file.

Game seed: 17222937370362183118

28 PyroL the Grave Robber (level 3, 24/24 HPs)
             Began as a Demonspawn Necromancer on Nov 29, 2022.
             Quit the game on level 2 of the Dungeon.
             The game lasted 00:02:23 (989 turns).

PyroL the Grave Robber (Demonspawn Necromancer)      Turns: 989, Time: 00:02:23

Health: 24/24      AC:  2    Str:  8    XL:     3   Next: 0%
Magic:  5/7        EV: 12    Int: 18    God:
Gold:   38         SH:  0    Dex: 19    Spells: 6/7 levels left

rFire   . . .      SeeInvis .    d - +0 whip
rCold   . . .      Faith    .    (no shield)
rNeg    . . .      Spirit   .    a - +0 robe
rPois   .          Reflect  .    (no helmet)
rElec   .          Harm     .    (no cloak)
rCorr   .          Rampage  .    (no gloves)
Will    .....                    (no boots)
Stlth   ++........               (no amulet)
HPRegen 0.24/turn                i - +6 ring of dexterity
MPRegen 0.10/turn                (no ring)

@: no status effects
A: hooves 1, foul stench 1
a: no special abilities


You were on level 2 of the Dungeon.
You visited 1 branch of the dungeon, and saw 2 of its levels.

You collected 38 gold pieces.

Inventory:

Hand Weapons
 d - a +0 whip (weapon)
Armour
 a - a +0 robe (worn)
Jewellery
 i - a +6 ring of dexterity (left hand)
Scrolls
 c - 2 scrolls of poison {unknown}
 g - 2 scrolls of teleportation {unknown}
 h - a scroll of identify {unknown}
Potions
 b - 3 potions of magic
 e - a potion of attraction {unknown}
 f - a potion of haste {unknown}
 j - a potion of brilliance {unknown}


   Skills:
 - Level 1.7 Dodging
 - Level 1.7 Stealth
 + Level 2.7 Spellcasting
 + Level 5.0 Necromancy


You had 6 spell levels left.
You knew the following spells:

 Your Spells              Type           Power      Damage    Failure   Level
a - Necrotise             Necr           80%        1d8       2%          1

Your spell library contained the following spells:

 Spells                   Type           Power      Damage    Failure   Level
 Vampiric Draining        Necr           20%        2d7       6%          3
 Sting                    Tmut/Pois      8%         1d3       17%         1
 Animate Dead             Necr           20%        N/A       22%         4
 Poisonous Vapours        Pois/Air       4%         N/A       26%         2
 Agony                    Necr           20%        N/A       52%         5
 Olgreb's Toxic Radiance  Pois           2%         N/A       86%         4


Dungeon Overview and Level Annotations

Branches:
Dungeon (2/15)

Altars:

Shops:
D:1 =


Innate Abilities, Weirdness & Mutations

You have large cloven feet.
You may rarely emit foul miasma when damaged in melee.


Message History

g - 2 scrolls labelled ASCHADW HELI (gained 1)
You now have 28 gold pieces (gained 11).
A kobold comes into view. It is wielding a +0 dagger.
You can't see any susceptible monsters within range! (Use Z to cast anyway.)
The kobold writhes in agony.
The kobold writhes in agony.
You kill the kobold!
The dead are walking!
Magic restored.
You see here a +0 plate armour.
A ball python comes into view.
Found 10 gold pieces.
The ball python hisses angrily.
A ball python is nearby!
The ball python writhes in agony!
You kill the ball python!
The dead are slithering!
You swap places.
You can't see any susceptible monsters within range! (Use Z to cast anyway.) Unknown command.
Your kobold skeleton crumbles into dust!
You now have 38 gold pieces (gained 10).
A hobgoblin comes into view.
The hobgoblin shouts!
The hobgoblin writhes in agony.
A ball python comes into view.
You barely miss the hobgoblin.
The hobgoblin is severely wounded.
The hobgoblin hits you but does no damage.
You hit the hobgoblin.
You kill the hobgoblin!
Your Necromancy skill increases to level 5!
You have reached level 3!
Your experience leads to an increase in your attributes!
Your base attributes are Str 8, Int 16, Dex 13.
Increase (S)trength, (I)ntelligence, or (D)exterity?
You feel clever. x2; Your demonic ancestry asserts itself...
Your feet thicken and deform.
Okay, then.
Are you sure you want to abandon this character and quit the game? (Confirm with "yes".)

#...........
#...........
#........S..
#...........
#...........
#....Z......
#...........
#...@#
#....####
#.......#
#.......#
#.......#
#.......#
#######
#.......#
#.....#
#.......#
#.....#
#.......#


You could see a ball python (ally target) and a friendly ball python skeleton.

Vanquished Creatures
  A dart slug (D:1)
  A bat (D:1)
  2 endoplasms
  A giant cockroach (D:1)
  A goblin (D:1)
  2 hobgoblins
  4 jackals (D:1)
  4 kobolds
  3 ball pythons
  2 frilled lizards (D:1)
  2 rats (D:1)
23 creatures vanquished.

Vanquished Creatures (collateral kills)
  An endoplasm (D:1)
  A ball python (D:1)
2 creatures vanquished.

Grand Total: 25 creatures vanquished

Notes
Turn   | Place    | Note
-------+----------+-------------------------------------------
     0 | D:1      | PyroL the Demonspawn Necromancer began the quest for the
                  | Orb.
     0 | D:1      | Reached XP level 1. HP: 13/13 MP: 3/3
   348 | D:1      | Gained mutation: You may rarely emit foul miasma when
                  | damaged in melee. [demonic ancestry]
   348 | D:1      | Reached XP level 2. HP: 19/19 MP: 3/5
   642 | D:1      | Found Iluonnups's One-of-a-Kind Rings.
   989 | D:2      | Reached skill level 5 in Necromancy
   989 | D:2      | Gained mutation: You have large cloven feet. [demonic
                  | ancestry]
   989 | D:2      | Reached XP level 3. HP: 24/24 MP: 5/7
   989 | D:2      | Quit the game

Illustrated notes

Levels and vault maps discovered:
D:1:      nzn_arrival_settlement, layout_basic, nicolae_shop_unique_rings
D:2:      layout_basic, serial_shops, shop, grunt_decor_one_mirror, uniq_terence

Skill      XL: |  1  2 |
---------------+-------+-----
Necromancy     | 5 |  5.0
Dodging        | |  1.7
Stealth        | |  1.7
Spellcasting   | |  2.7

Action                   || total
-------------------------++-------
Melee: Whip              ||    32
 Cast: Necrotise         ||    32
Armor: Robe              ||     8
Dodge: Dodged            ||    25

Table legend: (Time is in decaauts)
 A = Elapsed time spent in this place.
 B = Non-inter-level travel time spent in this place.
 C = Inter-level travel time spent in this place.
 D = Time resting spent in this place.
 E = Time spent auto-exploring this place.
 F = Levels seen in this place.
 G = Mean time per level.
                   A        B        C        D        E       F      G
               +--------+--------+--------+--------+--------+-----+--------+
         Total |    990 |    977 |     13 |      8 |    803 |   2 |  495.0 |
       Dungeon |    990 |    977 |     13 |      8 |    803 |   2 |  495.0 |
               +--------+--------+--------+--------+--------+-----+--------+

Top non-repeatable levels by time:
     D:1: 902 daAuts
     D:2: 88 daAuts
